 Dungeon Crawl Stone Soup version 0.31.0-11-ge490571c62 (webtiles) character file.

Game seed: 9232246386657099260

44 AkujiAZ the Sneak (level 3, -2/21 HPs)
             Began as an Octopode Earth Elementalist on Jan 26, 2024.
             Was a Follower of Dithmenos.
             Slain by a ribbon worm (3 damage)
             ... on level 2 of the Dungeon.
             The game lasted 00:05:55 (1465 turns).

AkujiAZ the Sneak (Octopode Earth Elementalist)     Turns: 1465, Time: 00:05:56

Health: -2/21      AC:  1    Str:  7    XL:     3   Next: 60%
Magic:  6/6        EV: 13    Int: 19    God:    Dithmenos [*.....]
Gold:   54         SH:  0    Dex: 18    Spells: 5/6 levels left

rFire   . . .        d - +0 trident
rCold   . . .        (no shield)
rNeg    . . .        (helmet restricted)
rPois   .            (no amulet)
rElec   .            b - +6 ring of dexterity
rCorr   .            (no ring)
SInv    .            (no ring)
Will    .....        (no ring)
Stlth   ++++         (no ring)
HPRegen 0.23/turn    (no ring)
MPRegen 0.10/turn    (no ring)
                     (no ring)

%: no passive effects
@: wreathed by umbra
A: almost no armour, amphibious, 8 rings, camouflage 1, gelatinous body 1,
(nimble swimmer 1), tentacles
a: Renounce Religion


You were on level 2 of the Dungeon.
You worshipped Dithmenos.
Dithmenos was aware of your devotion.
You visited 1 branch of the dungeon, and saw 2 of its levels.

You collected 54 gold pieces.

Inventory:

Hand Weapons
 c - a +0 war axe
 d - a +0 trident (weapon)
Jewellery
 b - a +6 ring of dexterity (left tentacle)
Potions
 a - a potion of magic
 e - 2 potions of might {unknown}
 f - a potion of resistance {unknown}
 g - a potion of enlightenment {unknown}


   Skills:
 + Level 0.1 Fighting
 + Level 0.3 Polearms
 + Level 2.0 Dodging
 + Level 3.6 Stealth
 + Level 0.8 Unarmed Combat
 + Level 2.3 Spellcasting
 + Level 1.6 Conjurations
 + Level 3.2 Earth Magic


You had 5 spell levels left.
You knew the following spells:

 Your Spells              Type           Power      Damage    Failure   Level
a - Sandblast             Erth           28%        2d8       4%          1

Your spell library contained the following spells:

 Spells                   Type           Power      Damage    Failure   Level
 Passwall                 Erth           14%        N/A       13%         3
 Stone Arrow              Conj/Erth      22%        3d8       19%         3
 Brom's Barrelling Bould  Conj/Erth      11%        2d3       52%         4
 Petrify                  Alch/Erth      8%         N/A       63%         4


Dungeon Overview and Level Annotations

Branches:
Dungeon (2/15)

Altars:
Dithmenos


Innate Abilities, Weirdness & Mutations

You cannot wear most types of armour.
You are amphibious.
You can wear up to eight rings at the same time.
Your skin changes colour to match your surroundings (Stealth+).
Your rubbery body absorbs attacks. (AC +1, EV +1)
((You are camouflaged when in or above water. (Stealth+)))
You have tentacles for arms and can constrict up to eight enemies at once.


Message History

You are caught in a web!
The web tears apart.
You constrict the ribbon worm, but do no damage.
The ribbon worm barely misses you.
You hit the ribbon worm. You squeeze the ribbon worm.
The ribbon worm is severely wounded.
You constrict the ribbon worm. The ribbon worm closely misses you.
You hit the ribbon worm.
You kill the ribbon worm!
Dithmenos accepts your kill.
You see here 7 stones.
There is an open door here.
A ribbon worm comes into view.
A ribbon worm comes into view.
The ribbon worm expels a string of sticky webbing.
The stream of webbing misses you.
A ribbon worm comes into view.
The ribbon worm misses you.
The ribbon worm falls through a shaft!
The shaft crumbles and collapses.
A ribbon worm comes into view.
The ribbon worm barely misses you.
Found a stone staircase leading down.
The ribbon worm closely misses you.
The ribbon worm expels a string of sticky webbing.
The stream of webbing hits you but does no damage.
You are caught in a web!
There is a web here.
The web tears apart.
The ribbon worm closely misses you.
The ribbon worm expels a string of sticky webbing.
The stream of webbing hits you but does no damage.
You are caught in a web!
There is a web here.
You struggle to detach yourself from the web.
The web tears apart.
The ribbon worm closely misses you. The ribbon worm bites you!
The ribbon worm bites you.
You hit the ribbon worm. You grab the ribbon worm.
The ribbon worm is lightly wounded.
You constrict the ribbon worm. The ribbon worm bites you. x2
* * * LOW HITPOINT WARNING * * *
The ribbon worm bites you.
You die...

......................####.......
.............##.......# #.......
.....##......##.......####.......
.....##..................'.......
#######.....###.......####...(...
# #.....# #.......# ###.####
#.....# #.......# #.#
#....####.w.##### #.# ##'###
#..@w.# #.# #.# #...w^..# #.#
########.# #.........# #.####
.........# #......^..# #.....
###########..^.....^..# ######
#...........# # ##..>.....^## #
##^^.....## # #


You could see 3 ribbon worms.

Vanquished Creatures
  An adder (D:2)
  4 ribbon worms (D:2)
  2 bats
  3 endoplasms
  3 goblins
  A hobgoblin (D:1)
  A kobold (D:1)
  3 quokkas
  3 ball pythons
  2 frilled lizards (D:1)
  A rat (D:1)
24 creatures vanquished.

Notes
Turn   | Place    | Note
-------+----------+-------------------------------------------
     0 | D:1      | AkujiAZ the Octopode Earth Elementalist began the quest for
                  | the Orb.
     0 | D:1      | Reached XP level 1. HP: 11/11 MP: 3/3
   315 | D:1      | Reached XP level 2. HP: 4/17 MP: 5/5
   832 | D:2      | Found a faded altar of an unknown god.
   853 | D:2      | Prayed at the altar of an unknown god.
   853 | D:2      | Became a worshipper of Dithmenos the Shadowed
   853 | D:2      | Reached * piety under Dithmenos
   868 | D:2      | Reached XP level 3. HP: 14/21 MP: 6/6
  1465 | D:2      | HP: 1/21 [ribbon worm (6)]
  1465 | D:2      | Slain by a ribbon worm

Illustrated notes

Levels and vault maps discovered:
D:1:      dpeg_arrival_simpleton_c, layout_basic
D:2:      layout_basic, hellmonk_ecumenical_altar_run_dry, minmay_misc_feat_chi,
          nicolae_wormholes

Skill      XL: |  1 |
---------------+----+-----
Stealth        | 3 |  3.6
Fighting       | |  0.1
Polearms       | |  0.3
Dodging        | |  2.0
Unarmed Combat | |  0.8
Spellcasting   | |  2.3
Conjurations   | |  1.6
Earth Magic    | |  3.2

Action                     || total
---------------------------++-------
  Melee: Unarmed           ||    14
         Tentacles         ||    12
         Constrict         ||    13
         Trident           ||    25
         Punch             ||     1
   Cast: Sandblast         ||    12
    Use: Scroll            ||     3
   Stab: Sleeping          ||     4
 Armour: Skin              ||    31
  Dodge: Dodged            ||    44
